 Dungeon Crawl Stone Soup version 0.31.0-11-ge490571c62 (webtiles) character file.

Game seed: 3645127415937449367

311 SnakkuSnakku7 the Cudgeller (level 6, -7/50 HPs)
             Began as a Djinni Chaos Knight on Jan 28, 2024.
             Was a Plaything of Xom.
             Mangled by an iguana (12 damage)
             ... on level 3 of the Dungeon.
             The game lasted 00:03:57 (2988 turns).

SnakkuSnakku7 the Cudgeller (Djinni Chaos Knight)   Turns: 2988, Time: 00:03:57

Health: -7/50      AC:  6    Str: 12    XL:     6   Next: 70%
Gold:   183        EV: 12    Int: 18    God:    Xom [......] SH:  0 Dex: 16

rFire   + + .        a - +0 flail
rCold   . . .        (no shield)
rNeg    . . .        b - +2 leather armour
rPois   ∞            (no helmet)
rElec   .            (no cloak)
rCorr   +            n - +0 pair of gloves "Qopoc" {rC+ Int+5}
SInv    .            (boots unavailable)
Will    .....        (no amulet)
Stlth   +            i - ring of resist corrosion
HPRegen 0.28/turn    (no ring)
MPRegen 0.00/turn

%: infuse magic (-8 HP)
@: mighty, brilliant, about to teleport, flying
A: sickness immunity, fire resistance 2, cold vulnerability 1, float, innate
caster, HP casting, extra vitality 1, claws 1, agile 1, robust 1
a: Renounce Religion


You were on level 3 of the Dungeon.
You worshipped Xom.
You were a very special plaything of Xom.
You visited 1 branch of the dungeon, and saw 4 of its levels.

You collected 183 gold pieces.

Inventory:

Hand Weapons
 a - a +0 flail (weapon)
 c - a +0 mace of chaos
Missiles
 e - 2 silver javelins (quivered)
Armour
 b - a +2 leather armour (worn)
 n - the +0 pair of gloves "Qopoc" (worn) {rC+ Int+5}
   (Xom gifted it to you on level 2 of the Dungeon)

   Int+5:     It affects your intelligence (+5).
   rC+:       It protects you from cold.
Jewellery
 i - a ring of resist corrosion (left hand)
 m - a ring of fire
Scrolls
 d - 3 scrolls of teleportation
 k - a scroll of fog {unknown}
 l - a scroll of immolation {unknown}
 p - a scroll of identify {unknown}
Potions
 f - 2 potions of brilliance
 g - a potion of lignification {unknown}
 h - a potion of ambrosia {unknown}
 j - a potion of degeneration {unknown}
Miscellaneous
 o - a sack of spiders (inert)


   Skills:
 - Level 3.0 Fighting
 + Level 5.8 Maces & Flails
 - Level 1.0 Armour
 - Level 2.1 Dodging


You knew the following spells:

 Your Spells              Type           Power      Damage    Failure   Level
a - Magic Dart            Conj           0%         1d3       28%         1
b - Scorch                Fire           0%         2d5       38%         2
Your spell library was empty.

Dungeon Overview and Level Annotations

Branches:
Dungeon (4/15)
 Temple: D:4-7

Altars:
Xom

Shops:
D:2 [


Innate Abilities, Weirdness & Mutations

You are immune to sickness and miasma.
You are immune to poison.
Your flesh is very heat resistant. (rF++)
You are vulnerable to cold. (rC-)
You float through the air rather than walking.
You learn spells naturally, not from books.
Your magical power is your life essence.
You have superior vitality. (+4 MHP)
You have sharp fingernails.
You are agile. (Dex +4, Str/Int -1)
You are robust. (+10% HP)


Message History

You fly downwards.
The iguana hisses angrily.
The adder bites you but does no damage. The gnoll barely misses you.
The adder barely misses you.
There is a stone staircase leading up here.
Unknown command.
Unknown command.
The gnoll shouts!
The iguana bites you but does no damage.
The gnoll hits you with a +0 flail. The adder bites you.
You fly upwards.
There is a stone staircase leading down here.
Unknown command.
You closely miss the gnoll. The iguana bites you!
The gnoll hits you with a +0 flail. The adder bites you.
The iguana closely misses you. The gnoll barely misses you.
You closely miss the gnoll. The adder barely misses you.
The adder bites you but does no damage. The gnoll barely misses you.
The iguana barely misses you.
You barely miss the gnoll. The adder bites you but does no damage.
The iguana bites you. The gnoll hits you with a +0 flail!
Okay, then.
It was a potion of brilliance.
You feel clever all of a sudden.
Xom thinks this is hilarious!
The adder closely misses you. The iguana bites you!
* * * LOW HITPOINT WARNING * * *
The gnoll completely misses you. The adder closely misses you.
It was a potion of might.
You feel very mighty all of a sudden. The adder bites you.
* * * LOW HITPOINT WARNING * * *
The iguana misses you. The gnoll hits you with a +0 flail.
* * * LOW HITPOINT WARNING * * *
Okay, then.
As you read the scroll labelled KIGEG VOGRU, it crumbles to dust.
You feel strangely unstable.
It was a scroll of teleportation.
The adder bites you but does no damage. The iguana bites you!
You die...
Xom thinks this is hilarious!

.# #.##...##.###............#
.# #.####.##.###..#.......>.#
.# #.####.##.##).##.........#
#####.#.......##.####.########
........#####.##.# #..#
#####>### ##.#..###.## #.#
#....###..#
###.######..##Sl..##
#.....#.....##@####
#.......###.##g# #.....###
#.#..# #.....# #...## #.....#
#..## ####### #..# ####


You could see an iguana, a gnoll and an adder.

Vanquished Creatures
  A scorpion (D:3)
  A gnoll bouda (D:3)
  Natasha (twice) (D:2)
  7 gnolls
  2 adders (D:3)
  3 dart slugs
  A ribbon worm (D:2)
  2 orcs (D:3)
  9 endoplasms
  6 goblins
  3 hobgoblins (D:3)
  7 jackals
  4 quokkas
  4 ball pythons
  7 bats
  4 frilled lizards
  A giant cockroach (D:1)
  3 kobolds (D:2)
  3 rats (D:2)
70 creatures vanquished.

Vanquished Creatures (collateral kills)
  A gnoll (D:2)
  A hobgoblin (D:2)
  A jackal (D:2)
3 creatures vanquished.

Grand Total: 73 creatures vanquished

Notes
Turn   | Place    | Note
-------+----------+-------------------------------------------
     0 | D:1      | SnakkuSnakku7 the Djinni Chaos Knight began the quest for
                  | the Orb.
     0 | D:1      | Reached XP level 1. HP: 20/20 MP: 0/0
     8 | D:1      | XOM: silly message
    85 | D:1      | Found a faded altar of an unknown god.
   145 | D:1      | Reached XP level 2. HP: 18/25 MP: 0/0
   194 | D:1      | Reached skill level 3 in Maces & Flails
   314 | D:1      | XOM: noise
   630 | D:1      | XOM: silly message
   718 | D:1      | XOM: divination: detect creatures
   919 | D:2      | Reached XP level 3. HP: 30/30 MP: 0/0
   919 | D:2      | Learned a level 1 spell: Magic Dart
  1050 | D:2      | XOM: summons friendly iron imp
  1135 | D:2      | Noticed Natasha
  1142 | D:2      | Reached XP level 4. HP: 8/35 MP: 0/0
  1143 | D:2      | XOM: cast spell 'Fugue of the Fallen'
  1175 | D:2      | XOM: potion effect (might)
  1285 | D:1      | Reached skill level 4 in Maces & Flails
  1405 | D:2      | Identified the +0 pair of gloves "Qopoc" {rC+ Int+5} (Xom
                  | gifted it to you on level 2 of the Dungeon)
  1405 | D:2      | XOM: god gift: +0 pair of gloves "Qopoc" {rC+ Int+5}
  1413 | D:2      | XOM: scenery: create altars
  1485 | D:2      | Found Vomoe's Armour Emporium.
  1498 | D:2      | XOM: god gift: sack of spiders
  1592 | D:2      | XOM: confuse monster(s)
  1599 | D:2      | XOM: confuse monster(s)
  1600 | D:2      | Killed Natasha
  1601 | D:2      | Reached XP level 5. HP: 40/40 MP: 0/0
  1601 | D:2      | Learned a level 2 spell: Scorch
  1790 | D:2      | XOM: give mutations
  1790 | D:2      | Gained mutation: You are partially covered in iridescent
                  | scales. (AC +2) [Xom's mischief]
  1790 | D:2      | Gained mutation: You have sharp fingernails. [Xom's
                  | mischief]
  1790 | D:2      | Lost mutation: You are partially covered in iridescent
                  | scales. (AC +2) [Xom's mischief]
  1790 | D:2      | Gained mutation: You are robust. (+10% HP) [Xom's mischief]
  1858 | D:3      | XOM: noise
  2159 | D:3      | XOM: draining
  2198 | D:3      | Reached skill level 5 in Maces & Flails
  2355 | D:2      | XOM: give mutation
  2355 | D:2      | Gained mutation: You are agile. (Dex +4, Str/Int -1) [Xom's
                  | mischief]
  2440 | D:2      | Noticed Natasha
  2459 | D:2      | Killed Natasha
  2460 | D:2      | Reached XP level 6. HP: 7/46 MP: 0/0
  2988 | D:3      | Mangled by an iguana

Illustrated notes

Levels and vault maps discovered:
D:1:      nzn_arrival_crosshair, layout_basic,
          hellmonk_ecumenical_altar_crossroads
D:2:      layout_loops_cross, serial_shops, nicolae_shop_pleasant_corner_grove,
          uniq_natasha
D:3:      layout_rooms, amethyst_killhole
D:4:      layout_basic, lemuel_round_altar, dk_noncrumbling_2,
          nicolae_shop_i_like_big_books, minivault_27

Skill      XL: |  1  2  3  4  5 |
---------------+----------------+-----
Maces & Flails | 3 4 5 |  5.8
Fighting       | |  3.0
Armour         | |  1.0
Dodging        | |  2.1

Action                     |  1- 3 |  4- 6 || total
---------------------------+-------+-------++-------
  Melee: Mace              |    95 |     6 ||   101
         Punch             |     2 |     2 ||     4
         Flail             |       |   158 ||   158
  Evoke: Sack of spiders   |       |     1 ||     1
    Use: Scroll            |       |     2 ||     2
         Potion            |       |     2 ||     2
 Armour: Leather armour    |    93 |   157 ||   250
  Dodge: Dodged            |    92 |   140 ||   232
